 Dungeon Sprint DCSS version 0.30.1-9-gdf580d7c3d (webtiles) character file.

Game seed: 11495175238197258980

13 Heoruswealwe the Poker (level 2, -8/28 HPs)
             Began as a Minotaur Fighter on Oct 23, 2023.
             Splashed by a jelly's acid (9 damage)
             ... in the Dungeon (Sprint IX: "|||||||||||||||||||||||||||||").
             The game lasted 00:00:31 (40 turns).

Heoruswealwe the Poker (Minotaur Fighter)             Turns: 40, Time: 00:00:32

Health: -8/28      AC:  0    Str: 20    XL:     2   Next: 24%
Magic:  1/1        EV:  9    Int:  5    God:
Gold:   0          SH:  4    Dex:  9    Spells: 1/1 levels left

rFire   . . .        a - +0 trident
rCold   . . .        d - +0 buckler
rNeg    . . .        c - +0 scale mail
rPois   .            (helmet restricted)
rElec   .            (no cloak)
rCorr   .            (no gloves)
SInv    .            (no boots)
Will    .....        (no amulet) Stlth
                     (no ring)
HPRegen 0.24/turn    (no ring)
MPRegen 0.07/turn

%: no teleportation
@: lethally poisoned (-8 -> -9), corroded
A: horns 2, retaliatory headbutt
a: no special abilities


You were in the Dungeon.
You visited 1 branch

Inventory:

Hand Weapons
 a - a +0 trident (weapon)
Armour
 c - a +0 scale mail (worn)
 d - a +0 buckler (worn)
Scrolls
 j - a scroll of blinking
Potions
 b - a potion of might
 e - a potion of curing
 f - a potion of heal wounds
 g - a potion of haste
 i - a potion of berserk rage


   Skills:
 + Level 4.5 Fighting
 * Level 4.6 Polearms
 + Level 4.5 Armour
 - Level 3.6 Shields


You had one spell level left.
You didn't know any spells.
Your spell library was empty.

Dungeon Overview and Level Annotations

Branches:
Dungeon (1/1)

Altars:


Innate Abilities, Weirdness & Mutations

You have a pair of horns on your head.
You reflexively headbutt those who attack you in melee.


Message History

There is an open door to the Dungeon, spattered with blood here.
Items here: ††††.
You start resting.
HP restored.
You open the door.
An adder, a jelly, a centaur, a black bear and an iguana come into view.
The adder hisses angrily.
The jelly quivers.
The centaur shouts!
The black bear growls angrily.
The iguana hisses angrily.
The adder bites you.
You closely miss the adder. The adder barely misses you.
You furiously retaliate!
You headbutt the adder, but do no damage.
You barely miss the adder. The adder closely misses you.
The adder completely misses you.
You barely miss the adder. The adder misses you.
You closely miss the adder. The adder bites you.
You are poisoned.
The adder poisons you! You block the adder's attack.
You hit the adder. You headbutt the adder.
The adder is moderately wounded.
You feel sick. The adder bites you.
You closely miss the adder.
The adder is moderately wounded.
You feel sick. You block the adder's attack. The adder closely misses you.
You furiously retaliate!
You headbutt the adder. You hit the adder.
You kill the adder!
You feel sick.
Your Polearms skill increases to level 4!
You have reached level 2!
You hit the jelly. The acid corrodes you!
Your hands burn!
The jelly is moderately wounded.
You feel sick. The jelly hits you. The acid corrodes you!
You are splashed with acid.
* * * LOW HITPOINT WARNING * * *
The jelly hits you.
* * * LOW HITPOINT WARNING * * *
You are splashed with acid!
You die...

▓.▓
▓!▓
▓.▓
▓†▓
▓.▓
▓.▓
▓.▓
▓.▓
▓@▓
▓J▓
▓c▓
▓h▓
▓l▓
▓.▓
▓.▓
▓+▓


You could see a black bear, a centaur, an iguana and a jelly.

Vanquished Creatures
  An adder (D)
  A ball python (D)
  A frilled lizard (D)
  3 rats (D)
6 creatures vanquished.

Notes
Turn   | Place    | Note
-------+----------+-------------------------------------------
     0 | D        | Heoruswealwe the Minotaur Fighter began the quest for the
                  | Orb.
     0 | D        | Reached XP level 1. HP: 19/19 MP: 0/0
    32 | D        | Noticed a jelly
    32 | D        | Noticed a centaur
    32 | D        | Noticed a black bear
    32 | D        | Noticed an iguana
    40 | D        | Reached XP level 2. HP: 16/28 MP: 1/1
    40 | D        | HP: 1/28 [jelly (3)]
    40 | D        | Splashed by a jelly's acid

Illustrated notes

Levels and vault maps discovered:
D:        linesprint [early_d, line_temple, items_1, d_10, items_2, lair_1,
          lair_end, items_3, orc_1, orc_end, items_4, d_15, swamp_1, shoals_1,
          snake_1, spider_1, d_20, vaults_1, items_5, swamp_end, shoals_end,
          snake_end, spider_end, vaults_end, d_27, items_6, zot_1, zot_end,
          crypt_end, forest_end, elf_end, slime_end, tomb_end, abyss_end,
          pan_hell_end]

Skill      XL: |  1 |
---------------+----+-----
Polearms       | 4 |  4.6
Fighting       | 4 |  4.5
Armour         | 4 |  4.5
Shields        | |  3.6

Action                     || total
---------------------------++-------
  Melee: Trident           ||    22
         Headbutt          ||     1
 Armour: Scale mail        ||     7
  Dodge: Dodged            ||     7
  Block: Buckler           ||     4
